 Dungeon Crawl Stone Soup version 0.26-a0-490-gf8362a0c98 (webtiles) character file.

Game seed: 7092882522045920815

524 ANON1729 the Skirmisher (level 7, -4/58 HPs)
             Began as a Palentonga Delver on Aug 4, 2020.
             Slain by a centaur (5 damage)
             ... on level 4 of the Dungeon.
             The game lasted 00:10:55 (5335 turns).

ANON1729 the Skirmisher (Palentonga Delver)         Turns: 5335, Time: 00:10:56

Health: -4/58      AC:  1    Str: 18    XL:     7   Next: 2%
Magic:  7/7        EV: 10    Int: 10    God:
Gold:   264        SH:  0    Dex: 11    Spells: 6/6 levels left

rFire    . . .     SeeInvis +   a - +0 falchion
rCold    . . .     Faith    .   (no shield)
rNeg     . . .     Spirit   .   b - +0 leather armour
rPois    .         Reflect  .   (no helmet)
rElec    .         Harm     .   (no cloak)
rCorr    .                      v - +0 pair of gloves
MR       .....                  (boots restricted)
Stlth    ++........             (no amulet)
HPRegen  0.19/turn              (no ring)
MPRegen  0.10/turn              (no ring)

@: corroded
A: large, rugged brown scales 3, see invisible, deformed body, roll, armoured
tail
a: Rolling Charge


You were on level 4 of the Dungeon.
You visited 1 branch of the dungeon, and saw 5 of its levels.

You collected 264 gold pieces.

Inventory:

Hand Weapons
 a - a +0 falchion (weapon)
 j - a cursed -2 trident
Armour
 b - a +0 leather armour (worn)
 v - a +0 pair of gloves (worn)
Wands
 g - a wand of digging (3)
 w - a wand of flame (13)
Scrolls
 c - a scroll of fog
 d - 3 scrolls of magic mapping
 e - 2 scrolls of fear
 i - 3 scrolls of noise {unknown}
 k - a scroll of random uselessness {unknown}
 l - 7 scrolls of identify {unknown}
 m - 2 scrolls of amnesia {unknown}
 o - 3 scrolls of remove curse {unknown}
 p - a scroll of blinking {unknown}
 q - 2 scrolls of teleportation {unknown}
Potions
 f - 2 potions of haste
 h - 2 potions of flight {unknown}
 n - a potion of cancellation {unknown}
 r - 2 potions of heal wounds {unknown}
 s - a potion of stabbing {unknown}
 t - 2 potions of magic {unknown}
 u - a potion of degeneration {unknown}


   Skills:
 + Level 4.7 Fighting
 + Level 4.1 Long Blades
 + Level 3.4 Dodging
 + Level 4.4 Stealth


You had 6 spell levels left.
You didn't know any spells.
Your spell library was empty.

Dungeon Overview and Level Annotations

Branches:
Dungeon (5/15)
 Temple: D:4-7

Altars:
Dithmenos
Elyvilon
Kikubaaqudgha
Qazlal
Vehumet


Innate Abilities, Weirdness & Mutations

You are completely covered in rugged brown scales. (AC +3, +7% HP)
You have supernaturally acute eyesight. (SInv)
Armour fits poorly on your strangely shaped body.
You can roll at foes to attack.
You have a long armoured tail.


Message History

The centaur is severely wounded.
The jackal bites you but does no damage.
The jelly hits you.
You are splashed with acid!
* * * LOW HITPOINT WARNING * * *
You climb upwards.
There is a stone staircase leading down here.
You hit the centaur.
The centaur is severely wounded.
The centaur hits you!
* * * LOW HITPOINT WARNING * * *
The jackal bites you but does no damage.
The centaur hits you.
* * * LOW HITPOINT WARNING * * *
The jelly hits you but does no damage. The jackal closely misses you.
The jelly hits you.
* * * LOW HITPOINT WARNING * * *
The acid corrodes you!
You are splashed with acid!
* * * LOW HITPOINT WARNING * * *
The centaur hits you.
You die...

...# #####.###.....#####.###..
..## #............##......##..
.## ###.##.................##..
## #........####...#......##..
####..##.#### ##..#......#...
##.....##.# #..#......#...
#..##.##..# #####..###.#......
###.###.##.## #.c.#>.###....##.#
##..# #.#..# #@J.#..##.P...P..#
##.## #.#.## #.h.#..#....PP...#
##.# #.#.# #...#.......#....#
#..# ##.#.# #...#...P.P###....
#.####....######.................
..# #....(.......................
### #.......##.........##.._..##P
.# #.......#..#.......#.......#.
.# #.......#.##.##....#########.


You could see a centaur, a jelly and a jackal.

Vanquished Creatures
  Sigmund (D:4)
  A phantom (D:4)
  A scorpion (D:4)
  2 orc wizards
  An orc priest (D:3)
  A hound skeleton (D:4)
  A howler monkey zombie (D:4)
  A gnoll (D:1)
  A howler monkey skeleton (D:4)
  4 adders
  A white imp (D:4)
  An adder skeleton (D:4)
  A leopard gecko (D:2)
  5 orcs (D:3)
  3 bats
  3 giant cockroaches
  3 goblins (D:2)
  4 hobgoblins
  5 jackals
  4 kobolds
  2 quokkas
  3 ball pythons
  5 frilled lizards
  6 rats
60 creatures vanquished.

Notes
Turn   | Place    | Note
-------+----------+-------------------------------------------
     0 | D:5      | ANON1729 the Palentonga Delver began the quest for the Orb.
     0 | D:5      | Reached XP level 1. HP: 19/19 MP: 1/1
     6 | D:5      | Noticed a centaur
   152 | D:4      | Found an ancient bone altar of Kikubaaqudgha.
   205 | D:4      | Reached XP level 2. HP: 9/25 MP: 2/2
   407 | D:4      | Noticed Sigmund
   460 | D:4      | Noticed a phantom
   771 | D:3      | Reached XP level 3. HP: 31/31 MP: 3/3
   965 | D:3      | Found a stormy altar of Qazlal.
  1009 | D:3      | Found a radiant altar of Vehumet.
  1341 | D:3      | Reached XP level 4. HP: 35/37 MP: 4/4
  1942 | D:2      | Found a white marble altar of Elyvilon.
  2586 | D:4      | Noticed an ogre
  4081 | D:3      | Reached XP level 5. HP: 38/44 MP: 5/5
  4478 | D:4      | Killed a phantom
  4478 | D:4      | Reached XP level 6. HP: 22/51 MP: 6/6
  4722 | D:4      | Found a shadowy altar of Dithmenos.
  4849 | D:4      | Killed Sigmund
  5192 | D:4      | Reached XP level 7. HP: 38/58 MP: 7/7
  5323 | D:5      | Identified the ring of Ximumueh {rElec rPois rN+ Stlth+}
  5335 | D:4      | HP: 1/58 [acid (7)]
  5335 | D:4      | Slain by a centaur

Illustrated notes

Levels and vault maps discovered:
D:1:      wander_arrival_lonely_grave, layout_basic, minmay_quantized
D:2:      layout_basic, lemuel_tele_altar
D:3:      wander_river, layout_basic, overflow_temple_1_default,
          lemuel_coloured_pillars_altar
D:4:      layout_rooms, nicolae_dithmenos_shadow_blocks,
          kiku_gazebo_garden_becter, uniq_sigmund
D:5:      layout_rooms, minmay_temple_entry_purple_smoke

Skill      XL: |  1  2  3  4  5  6 |
---------------+-------------------+-----
Dodging        | 2 3 |  3.4
Long Blades    | 3 4 |  4.1
Fighting       | 4 |  4.7
Stealth        | 4 |  4.4

Action                   |  1- 3 |  4- 6 |  7- 9 || total
-------------------------+-------+-------+-------++-------
Melee: Falchion          |    56 |   174 |    11 ||   241
       Tailslap          |     5 |    29 |     3 ||    37
 Abil: Rolling Charge    |       |    13 |       ||    13
 Stab: Sleeping          |     5 |     3 |       ||     8
Armor: Leather armour    |    18 |    66 |    12 ||    96
Dodge: Dodged            |    29 |   102 |    15 ||   146
       Rpst.: Falchion   |     4 |    35 |     9 ||    48

Table legend: (Time is in decaauts)
 A = Elapsed time spent in this place.
 B = Non-inter-level travel time spent in this place.
 C = Inter-level travel time spent in this place.
 D = Time resting spent in this place.
 E = Time spent auto-exploring this place.
 F = Levels seen in this place.
 G = Mean time per level.
                   A        B        C        D        E       F      G
               +--------+--------+--------+--------+--------+-----+--------+
         Total |   5417 |   5003 |    414 |   2080 |   1934 |   5 | 1083.4 |
       Dungeon |   5417 |   5003 |    414 |   2080 |   1934 |   5 | 1083.4 |
               +--------+--------+--------+--------+--------+-----+--------+

Top non-repeatable levels by time:
     D:3: 2089 daAuts
     D:4: 1570 daAuts
     D:2: 1000 daAuts
     D:1: 715 daAuts
     D:5: 42 daAuts
